 Dungeon Crawl Stone Soup version 0.18-a0-824-g47fe746 (webtiles) character file.

20 JokEr the Insei (level 2, -1/18 HPs)
             Began as an Octopode Transmuter on Dec 17, 2015.
             Slain by a jackal (3 damage)
             ... on level 1 of the Dungeon.
             The game lasted 00:01:16 (956 turns).

JokEr the Insei (Octopode Transmuter)                Turns: 956, Time: 00:01:16

Health: -1/18      AC:  1    Str:  9    XL:     2   Next: 79%
Magic:  4/5        EV: 12    Int: 15    God:
Gold:   11         SH:  0    Dex: 12    Spells: 1 memorised, 4 levels left

rFire  . . .     SeeInvis .       - Unarmed
rCold  . . .     Gourm    .     (no shield)
rNeg   . . .     Faith    .     (helmet restricted)
rPois  .         Spirit   .     (no amulet)
rElec  .         Dismiss  .     (no ring)
rCorr  .         Reflect  .     (no ring)
SustAt .         Harm     .     (no ring)
MR     .....                    (no ring)
Stlth  ++........               (no ring)
                                (no ring)
                                (no ring)
                                (no ring)

@: appendage, not resistant to hostile enchantments, unstealthy
A: almost no armour, amphibious, 8 rings, constrict 8, tentacle spike 3,
camouflage 1, gelatinous body 1
a: End Transformation


You were on level 1 of the Dungeon.
You were not hungry.
One of your tentacles had a temporary spike.
You visited 1 branch of the dungeon, and saw 2 of its levels.

You collected 11 gold pieces.

Inventory:

Missiles
 a - 12 arrows
Jewellery
 h - an uncursed amulet of dismissal {unknown}
 i - an uncursed ring of magical power {unknown}
Scrolls
 j - a scroll of fog
Potions
 m - a potion of heal wounds {unknown}
Books
 b - a book of Changes

   Spells                             Type                      Level
   a - Beastly Appendage              Transmutation                1
   b - Sticks to Snakes               Transmutation                2
   c - Spider Form                    Transmutation/Poison         3
   d - Ice Form                       Ice/Transmutation            4
   e - Blade Hands                    Transmutation                5
Comestibles
 c - a bread ration


   Skills:
 + Level 1.5 Fighting
 - Level 2.0 Dodging
 + Level 3.3 Unarmed Combat
 - Level 2.0 Spellcasting
 + Level 2.6 Transmutations


You had 4 spell levels left.
You knew the following spells:

 Your Spells              Type           Power        Failure   Level  Hunger
a - Beastly Appendage     Trmt           #.....       10%         1    #......


Dungeon Overview and Level Annotations

Branches:
Dungeon (2/15)

Altars:


Innate Abilities, Weirdness & Mutations

You cannot wear most types of armour.
You are amphibious.
You can wear up to eight rings at the same time.
You can use your tentacles to constrict eight enemies at once.
Your skin changes colour to match your surroundings (Stealth).
Your rubbery body absorbs attacks (AC +1).
One of your tentacles bears a large vicious spike.


Message History

* * * LOW HITPOINT WARNING * * *
The giant cockroach barely misses you. The jackal misses you.
The jackal closely misses you. The jackal bites you.
* * * LOW HITPOINT WARNING * * *
The giant cockroach moves out of view.
The jackal barely misses you. The jackal barely misses you.
There is a stone staircase leading up here.
You see here a cursed ring of loudness.
The jackal bites you.
* * * LOW HITPOINT WARNING * * *
The jackal barely misses you. x2
You climb upwards.
There is a stone staircase leading down here.
Casting: Beastly Appendage
Confirm with . or Enter, or press ? or * to list all spells.
One of your tentacles grows a vicious spike.
The jackal closely misses you. x2
You barely miss the jackal. Your grab misses the jackal. The jackal bites you.
You die...

#.# ########.# #.##. #.# #.#
#.##. #.# #.# #.##. #.# #.# #.##.
#.# #.# #.##. #.# #.# #.###
###########.# #.# #.#
............#############.###.###
.######........h@h........#.....#
.# #.###################.###.# .#
#.# #..# #.. .# #################
##..###.# .#
##..............###........ .#
##............(..'.......... .#
##................###..##(#.. .#
#....##############...รท##.#.. .#
#...## ####.##....


You could see 2 jackals.

Vanquished Creatures
  An ooze (D:1)
  2 bats (D:2)
  3 giant cockroaches
  2 goblins (D:1)
  2 jackals (D:2)
  A giant newt (D:1)
  2 kobolds (D:1)
  A rat (D:1)
14 creatures vanquished.

Notes
Turn   | Place    | Note
--------------------------------------------------------------
     0 | D:1      | JokEr the Octopode Transmuter began the quest for the Orb.
     0 | D:1      | Reached XP level 1. HP: 13/13 MP: 3/3
   109 | D:1      | Reached XP level 2. HP: 13/18 MP: 5/5
   956 | D:1      | Slain by a jackal

Vault maps used:
D:1:      eino_arrival_cavern_a, nrook_uturn, hangedman_decor_points
D:2:      bloody_trog

Action                   || total
-------------------------++-------
Melee: Unarmed           ||    33
 Cast: Beastly Appendage ||     4
  Use: Scroll            ||     6
 Stab: Sleeping          ||     3
